 Dungeon Crawl Stone Soup version 0.29-a0-553-g81b289dbe5 (webtiles) character file.

Game seed: 14107731262599107185

23 shadowstone the Covered (level 3, 0/23 HPs)
             Began as a Gargoyle Fighter on June 6, 2022.
             Slain by Sigmund
             ... wielding a +0 scythe
              (5 damage)
             ... on level 2 of the Dungeon.
             The game lasted 00:02:13 (650 turns).

shadowstone the Covered (Gargoyle Fighter)           Turns: 650, Time: 00:02:14

Health: 0/23       AC: 12    Str: 21    XL:     3   Next: 0%
Magic:  3/3        EV:  9    Int:  8    God:
Gold:   30         SH:  0    Dex:  9    Spells: 2/2 levels left

rFire   . . .      SeeInvis +   a - +0 flail
rCold   . . .      Faith    .   c - +0 buckler
rNeg    + . .      Spirit   .   b - +0 scale mail
rPois   ∞          Reflect  .   h - +1 helmet {SInv}
rElec   +          Harm     .   (no cloak)
rCorr   .          Rampage  .   (no gloves)
Will    .....                   (no boots)
Stlth   ..........              (no amulet)
HPRegen 0.07/turn               (no ring)
MPRegen 0.08/turn               (no ring)

@: confused
A: sickness immunity, AC +3, negative energy resistance 1, electricity
resistance, torment resistance 1, petrification resistance
a: no special abilities


You were on level 2 of the Dungeon.
You visited 1 branch of the dungeon, and saw 2 of its levels.

You collected 30 gold pieces.

Inventory:

Hand Weapons
 a - a +0 flail (weapon)
Armour
 b - a +0 scale mail (worn)
 c - a +0 buckler (worn)
 h - a +1 helmet of see invisible (worn)
Scrolls
 e - 2 scrolls of poison {unknown}
 f - a scroll of teleportation {unknown}
 g - a scroll of enchant weapon {unknown}
 i - 2 scrolls of identify {unknown}
Potions
 d - a potion of might


   Skills:
 + Level 3.6 Fighting
 + Level 2.3 Maces & Flails
 + Level 3.7 Armour
 + Level 3.6 Shields


You had 2 spell levels left.
You didn't know any spells.
Your spell library was empty.

Dungeon Overview and Level Annotations

Branches:
Dungeon (2/15)

Altars:

Annotations:
D:2 Sigmund


Innate Abilities, Weirdness & Mutations

You are immune to sickness and miasma.
Your stone body is resilient. (AC +3)
You are immune to poison.
You resist negative energy. (rN+)
You are resistant to electric shocks. (rElec)
You are resistant to unholy torment.
You are immune to petrification.


Message History

You block the goblin's attack. The adder bites you but does no damage.
You barely miss the goblin. You block the adder's attack. Sigmund misses you.
The goblin hits you but does no damage. The adder bites you.
The goblin hits you but does no damage.
You barely miss the goblin. The adder bites you. You block Sigmund's attack.
You block the goblin's attack. The adder bites you but does no damage.
You hit the goblin but do no damage. Sigmund hits you but does no damage.
The adder closely misses you. You block the goblin's attack.
You hit the goblin.
You kill the goblin!
The adder bites you but does no damage. Sigmund barely misses you.
The adder bites you but does no damage.
You have reached level 3!
Your experience leads to an increase in your attributes!
Increase (S)trength, (I)ntelligence, or (D)exterity?
You feel stronger. x2
The adder bites you but does no damage. Sigmund hits you but does no damage.
Things that are here:
a +0 club; a goblin corpse You hit Sigmund but do no damage.
The adder bites you. The adder bites you but does no damage.
Sigmund hits you with a +0 scythe.
You sock Sigmund!
Sigmund is moderately wounded.
The adder bites you but does no damage. x2
You barely miss Sigmund.
Sigmund is moderately wounded.
You block Sigmund's attack. The adder barely misses you.
You block the adder's attack.
You closely miss Sigmund.
Sigmund is moderately wounded.
Sigmund points at you and mumbles some strange words.
You are confused.
The adder bites you but does no damage. Sigmund hits you with a +0 scythe!
* * * LOW HITPOINT WARNING * * *
The adder attacks as you move away! The adder bites you but does no damage.
The adder barely misses you.
You sock Sigmund!
Sigmund is heavily wounded.
Sigmund hits you with a +0 scythe.
You die...

... #.# #.## ...
#.# #####.#####
#.........#
#.<.#@# #...S@#
.................
######.....##....
#....## ...
#..... . ##.....
###.### #.#


You could see Sigmund (invisible) and an adder.

Vanquished Creatures
  A dart slug (D:1)
  2 endoplasms (D:1)
  A giant cockroach (D:1)
  4 goblins
  3 hobgoblins (D:1)
  A quokka (D:1)
  A ball python (D:1)
  2 bats (D:1)
  A frilled lizard (D:1)
  2 kobolds (D:1)
  2 rats (D:1)
20 creatures vanquished.

Notes
Turn   | Place    | Note
-------+----------+-------------------------------------------
     0 | D:1      | shadowstone the Gargoyle Fighter began the quest for the
                  | Orb.
     0 | D:1      | Reached XP level 1. HP: 14/14 MP: 1/1
   104 | D:1      | Reached XP level 2. HP: 16/19 MP: 2/2
   634 | D:2      | Noticed Sigmund
   644 | D:2      | Reached XP level 3. HP: 19/23 MP: 3/3
   650 | D:2      | Slain by Sigmund

Illustrated notes

Levels and vault maps discovered:
D:1:      mrwooster_arrival_statue_3, layout_basic
D:2:      layout_loops_corners, chequers_serial_rivers_micro_d, uniq_sigmund

Action                   || total
-------------------------++-------
Melee: Flail             ||    56
Armor: Scale mail        ||    69
Dodge: Dodged            ||    42
Block: Buckler           ||    22

Table legend: (Time is in decaauts)
 A = Elapsed time spent in this place.
 B = Non-inter-level travel time spent in this place.
 C = Inter-level travel time spent in this place.
 D = Time resting spent in this place.
 E = Time spent auto-exploring this place.
 F = Levels seen in this place.
 G = Mean time per level.
                   A        B        C        D        E       F      G
               +--------+--------+--------+--------+--------+-----+--------+
         Total |    667 |    667 |      0 |      0 |      0 |   2 |  333.5 |
       Dungeon |    667 |    667 |      0 |      0 |      0 |   2 |  333.5 |
               +--------+--------+--------+--------+--------+-----+--------+

Top non-repeatable levels by time:
     D:1: 644 daAuts
     D:2: 23 daAuts
